 Dungeon Crawl Stone Soup version 0.22.0-38-g04b72b8 (webtiles) character file.

43 Lew the Shield-Bearer (level 3, 0/35 HPs)
             Began as a Gnoll Fighter on Aug 28, 2018.
             Slain by a gnoll
             ... wielding a +0 spear
              (1 damage)
             ... on level 2 of the Dungeon.
             The game lasted 00:01:22 (627 turns).

Lew the Shield-Bearer (Gnoll Fighter)                Turns: 627, Time: 00:01:23

Health: 0/35       AC:  7    Str: 23    XL:     3   Next: 58%
Magic:  0/4        EV:  8    Int: 10    God:
Gold:   47         SH: 11    Dex: 15    Spells: 3/3 levels left

rFire    . . .     SeeInvis .   a - +0 war axe
rCold    . . .     Gourm    .   c - +0 shield
rNeg     . . .     Faith    .   b - +0 scale mail
rPois    .         Spirit   +   (no helmet)
rElec    .         Reflect  .   e - scarf {Spirit}
rCorr    .         Harm     .   (no gloves)
MR       .....                  (no boots)
Stlth    ..........             (no amulet)
HPRegen  0.11/turn              (no ring)
MPRegen  0.09/turn              (no ring)

@: mighty
A: distributed training, fangs 1, strong nose
a: no special abilities


You were on level 2 of the Dungeon.
You were not hungry.

You visited 1 branch of the dungeon, and saw 2 of its levels.

You collected 47 gold pieces.

Inventory:

Hand Weapons
 a - a +0 war axe (weapon)
Armour
 b - a +0 scale mail (worn)
 c - a +0 shield (worn)
 e - a scarf of spirit shield (worn)
Scrolls
 g - a scroll of enchant weapon {unknown}
 h - a scroll of blinking {unknown}
 i - a scroll of magic mapping {unknown}
Potions
 d - a potion of might
Comestibles
 f - 2 rations


   Skills:
 + Level 6.5 Fighting
 + Level 0.8 Short Blades
 + Level 0.8 Long Blades
 + Level 4.5 Axes
 + Level 0.8 Maces & Flails
 + Level 0.8 Polearms
 + Level 0.8 Staves
 + Level 0.8 Slings
 + Level 0.8 Bows
 + Level 0.8 Crossbows
 + Level 0.8 Throwing
 + Level 6.5 Armour
 + Level 0.8 Dodging
 + Level 0.8 Stealth
 + Level 6.5 Shields
 + Level 0.8 Unarmed Combat
 + Level 0.8 Spellcasting
 + Level 0.5 Conjurations
 + Level 0.5 Hexes
 + Level 0.5 Charms
 + Level 0.5 Summonings
 + Level 0.5 Necromancy
 + Level 0.5 Translocations
 + Level 0.5 Transmutations
 + Level 0.5 Fire Magic
 + Level 0.5 Ice Magic
 + Level 0.5 Air Magic
 + Level 0.5 Earth Magic
 + Level 0.5 Poison Magic
 + Level 1.0 Invocations
 + Level 0.8 Evocations


You had 3 spell levels left.
You didn't know any spells.
Your spell library was empty.

Dungeon Overview and Level Annotations

Branches:
Dungeon (2/15)

Altars:


Innate Abilities, Weirdness & Mutations

Your experience applies equally to all skills.
You have very sharp teeth.
Your uncanny sense of smell can sniff out nearby items.


Message History

The gnoll is moderately wounded.
You block the gnoll's attack. The gnoll closely misses you.
You block the gnoll's attack.
You hit the gnoll.
The gnoll is moderately wounded.
The gnoll closely misses you. The gnoll hits you with a spear.
* * * LOW HITPOINT WARNING * * *
You slash the gnoll!
You kill the gnoll!
Your Invocations skill increases to level 1!
The gnoll hits you from afar with a spear.
* * * LOW HITPOINT WARNING * * *
The gnoll hits you from afar with a spear.
* * * LOW HITPOINT WARNING * * *
You block the gnoll's attack.
Things that are here:
a spear; a gnoll corpse; a rat corpse You feel very mighty all of a sudden.
The gnoll hits you with a spear.
You die...

#.# #######.###########
..................# ∆
######.#########.#
#.....####### #.# #
#.#.........# #.#
.#.##.#.#######.###.#
......#.#######.....#
#.....gg@)..##..#### ##
...#..†r####.##..# #####.
........# .##..# #.. ..
##.#....####.##..# #.# #.
.............##..####.###.
.....##.##...†...<.##.....
..... #...................
.... ####.#.###.#.##.....
.... #. #. #.#.##..##.


You could see 2 gnolls and a rat.

Vanquished Creatures
  2 gnolls (D:2)
  A leopard gecko (D:2)
  A ball python (D:2)
  4 bats
  A giant cockroach (D:1)
  5 goblins (D:1)
  A hobgoblin (D:1)
  2 kobolds (D:1)
  3 frilled lizards
  3 rats
23 creatures vanquished.

Notes
Turn   | Place    | Note
-------+----------+-------------------------------------------
     0 | D:1      | Lew the Gnoll Fighter began the quest for the Orb.
     0 | D:1      | Reached XP level 1. HP: 23/23 MP: 1/1
   111 | D:1      | Reached XP level 2. HP: 25/29 MP: 2/2
   608 | D:2      | Reached XP level 3. HP: 28/35 MP: 3/3
   625 | D:2      | Reached skill level 1 in Invocations
   625 | D:2      | HP: 1/35 [gnoll/spear (4)]
   627 | D:2      | Slain by a gnoll

Skill      XL: |  1  2  3 |
---------------+----------+-----
Invocations    | 1 |  1.0
Fighting       | |  6.5
Short Blades   | |  0.8
Long Blades    | |  0.8
Axes           | |  4.5
Maces & Flails | |  0.8
Polearms       | |  0.8
Staves         | |  0.8
Slings         | |  0.8
Bows           | |  0.8
Crossbows      | |  0.8
Throwing       | |  0.8
Armour         | |  6.5
Dodging        | |  0.8
Stealth        | |  0.8
Shields        | |  6.5
Unarmed Combat | |  0.8
Spellcasting   | |  0.8
Conjurations   | |  0.5
Hexes          | |  0.5
Charms         | |  0.5
Summonings     | |  0.5
Necromancy     | |  0.5
Translocations | |  0.5
Transmutations | |  0.5
Fire Magic     | |  0.5
Ice Magic      | |  0.5
Air Magic      | |  0.5
Earth Magic    | |  0.5
Poison Magic   | |  0.5
Evocations     | |  0.8

Action                   || total
-------------------------++-------
Melee: War axe           ||    66
       Bite              ||     9
  Use: Potion            ||     1
Armor: Scale mail        ||    30
Dodge: Dodged            ||    15
Block: Shield            ||    52
